 Dungeon Crawl Stone Soup version 0.26.1-10-gdfb7c7de75 (webtiles) character file.

Game seed: 11197849540723126946

31471 ew1980 the Grappler (level 13, -4/127 HPs)
             Began as a Troll Fighter on Apr 8, 2021.
             Was an Elder of Makhleb.
             Slain by a basilisk (7 damage)
             ... while petrified by a basilisk
             ... on level 6 of the Lair of Beasts.
             The game lasted 00:29:40 (12335 turns).

ew1980 the Grappler (Troll Fighter)                Turns: 12335, Time: 00:29:40

Health: -4/127     AC:  9    Str: 32    XL:     13   Next: 26%
Magic:  17/17      EV:  1    Int: 10    God:    Makhleb [****..]
Gold:   1015       SH:  0    Dex: 10    Spells: 12/12 levels left

rFire    . . .     SeeInvis .     - Unarmed
rCold    + . .     Faith    .   b - +1 kite shield
rNeg     + + +     Spirit   .   l - +0 troll leather armour {Purgy}
rPois    ∞         Reflect  +   (helmet restricted)
rElec    .         Harm     .   (no cloak)
rCorr    .         Rampage  .   (gloves unavailable)
Will     .....                  (boots unavailable)
Stlth    ..........             C - amulet "Uzaebb" {Reflect rC+ Str+2 Int+6 SH+5 Stlth-}
HPRegen  1.11/turn              n - +4 ring of evasion
MPRegen  0.15/turn              p - ring of poison resistance

@: about to teleport, petrified
A: large, unfitting armour, claws 3, regeneration 1, shaggy fur 1, tough skin 3
a: Renounce Religion, Minor Destruction, Lesser Servant of Makhleb, Major
Destruction


You were on level 6 of the Lair of Beasts.
You worshipped Makhleb.
Makhleb was greatly pleased with you.
You visited 3 branches of the dungeon, and saw 15 of its levels.
You also visited: Sewer and Ice Cave.

You collected 1015 gold pieces.

Inventory:

Hand Weapons
 v - the +0 morningstar of Xamin {vorpal, rPois rF+ rC++}
   (You found it on level 1 of the Lair of Beasts)

   It inflicts extra damage upon your enemies.
   It protects you from fire.
   It greatly protects you from cold.
   It protects you from poison.
 A - a +5 morningstar of freezing
Missiles
 B - 9 boomerangs
 F - 2 javelins
 L - 22 poisoned darts (quivered)
Armour
 b - a +1 kite shield (worn)
 l - a +0 troll leather armour (worn) {Purgy}
Jewellery
 k - a +6 ring of dexterity
 n - a +4 ring of evasion (left claw)
 o - an uncursed ring of positive energy
 p - a ring of poison resistance (right claw)
 r - an uncursed ring of see invisible
 C - the amulet "Uzaebb" (around neck) {Reflect rC+ Str+2 Int+6 SH+5 Stlth-}
   (You found it on level 5 of the Dungeon)

   [amulet of reflection]

   It shields you and reflects attacks.
   It affects your strength (+2).
   It affects your intelligence (+6).
   It protects you from cold.
   It affects your SH (+5).
   It makes you less stealthy.
Wands
 u - a wand of paralysis (18)
 H - a wand of acid (4)
 K - a wand of enslavement (9)
Scrolls
 a - a scroll of enchant armour
 d - 3 scrolls of teleportation
 i - 6 scrolls of remove curse
 j - 6 scrolls of enchant weapon
 w - 2 scrolls of immolation
 x - 4 scrolls of fog
 y - 5 scrolls of identify
 z - 2 scrolls of fear
 E - a scroll of silence
 G - a scroll of brand weapon
Potions
 c - 2 potions of might
 e - 5 potions of lignification
 f - 2 potions of magic
 g - a potion of haste
 h - 7 potions of curing
 m - 2 potions of berserk rage
 q - 2 potions of heal wounds
 s - 2 potions of mutation
 t - 2 potions of resistance
 D - 2 potions of brilliance
 I - a potion of invisibility
 J - 2 potions of flight


   Skills:
 + Level 7.8 Fighting
 + Level 7.4 Armour
 + Level 8.0 Dodging
 + Level 7.9 Shields
 * Level 12.5 Unarmed Combat
 + Level 6.9 Invocations


You had 12 spell levels left.
You didn't know any spells.
Your spell library contained the following spells:

 Spells                   Type           Power        Failure   Level
 Corona                   Hex            0%           45%         1
 Foxfire                  Conj/Fire      0%           45%         1
 Ensorcelled Hibernation  Hex/Ice        0%           61%         2
 Confusing Touch          Hex            0%           83%         3
 Conjure Flame            Conj/Fire      0%           83%         3
 Dazzling Flash           Conj/Hex       0%           83%         3
 Gell's Gravitas          Tloc           0%           83%         3
 Inner Flame              Hex/Fire       0%           83%         3
 Tukima's Dance           Hex            0%           83%         3
 Petrify                  Tmut/Erth      0%           99%         4
 Sticky Flame             Conj/Fire      0%           99%         4
 Fireball                 Conj/Fire      0%           100%        5
 Metabolic Englaciation   Hex/Ice        0%           100%        5
 Yara's Violent Unravell  Hex/Tmut       0%           100%        5


Dungeon Overview and Level Annotations

Branches:
Dungeon (8/15)             Temple (1/1) D:6            Lair (6/6) D:8
  Swamp (0/4) Lair:3       Spider (0/4) Lair:4        Slime (0/5) Lair:5
  Sewer (visited)           IceCv (visited)

Altars:
Ashenzari
Cheibriados
Elyvilon
Fedhas
Gozag
Hepliaklqana
Kikubaaqudgha
Makhleb
Nemelex Xobeh
Okawaru
Qazlal
Ru
Sif Muna
Trog
Uskayaw
Vehumet
Wu Jian
Xom
Yredelemnul
Zin
Jiyva

Shops:
D:6 (

Annotations:
Lair:6 exclusion: 2 oklob plants


Innate Abilities, Weirdness & Mutations

You are too large for most types of armour.
You have claws for hands.
Your natural rate of healing is unusually fast.
You are covered in fur. (AC +1)
You have extremely tough skin. (AC +3)


Message History

* * * LOW HITPOINT WARNING * * *
The seven-headed hydra bites you but does no damage.
The seven-headed hydra bites you.
The seven-headed hydra bites you but does no damage. x2
Your limbs are stiffening.
As you read the scroll of teleportation, it crumbles to dust.
You feel strangely unstable. The basilisk bites you.
* * * LOW HITPOINT WARNING * * *
The seven-headed hydra bites you but does no damage.
The seven-headed hydra bites you.
* * * LOW HITPOINT WARNING * * *
The seven-headed hydra bites you but does no damage.
The seven-headed hydra bites you.
* * * LOW HITPOINT WARNING * * *
The seven-headed hydra bites you.
* * * LOW HITPOINT WARNING * * *
The seven-headed hydra bites you but does no damage. x2
You have turned to stone.
The basilisk bites you!
You die...

#.<......# ##........#
##......#..#
########.........## #
#.#.##...#.....#### #P
## #...(.P........#
...#.##.###PP.........##
........###P.[..$......#
.#.##.P@.##P........(..#
##.Dl.#............#
#...##......P.... #
#....#.......P.. #
#...##.....PPP # .PP...
#.... P # #...... ....
... # ......... ...
.....# P...###P#. ..
......


You could see a seven-headed hydra and a basilisk.

Vanquished Creatures
  Nessos (Lair:5)
  Fannar (Lair:3)
  5 hydras
  A boulder beetle (Lair:5)
  7 death yaks
  A manticore (Lair:6)
  12 elephants
  A torpor snail (Lair:3)
  3 black mambas
  8 cane toads
  8 komodo dragons
  3 rime drakes
  2 ice devils (Lair:2)
  A troll (D:8)
  2 polar bears
  Prince Ribbit (D:7)
  2 hornets
  3 wyverns
  A redback (Lair:4)
  19 yaks
  2 basilisks
  10 water moccasins
  Purgy (Sewer)
  An orc warrior (D:6)
  A sky beast (D:7)
  A black bear (Lair:4)
  2 phantoms
  2 ogres
  18 wolves
  2 centaurs
  9 bullfrogs
  A water moccasin zombie (D:6)
  2 scorpions (D:4)
  5 wights (D:4)
  3 vampire bats (D:2)
  2 howler monkeys (D:8)
  3 hounds
  4 jellies
  4 orc priests
  3 orc wizards
  Natasha (thrice) (D:2)
  2 iguanas
  4 worker ants
  A killer bee zombie (D:7)
  A hound skeleton (D:6)
  A howler monkey skeleton (D:8)
  10 adders
  7 gnolls
  2 river rats (D:3)
  2 shadow imps
  A white imp (D:6)
  An ufetubus (D:7)
  2 oozes
  An adder zombie (D:8)
  4 worms
  3 dart slugs
  5 leopard geckos
  18 orcs
  8 ball pythons
  9 bats
  2 bat skeletons (D:2)
  4 bat zombies (D:2)
  5 giant cockroaches
  7 goblins
  5 hobgoblins
  17 jackals
  6 quokkas
  3 frilled lizards
  6 kobolds
  A quokka zombie (D:8)
  10 rats
  A spectral orc (D:4)
310 creatures vanquished.

Vanquished Creatures (others)
  14 fungi
  28 plants
42 creatures vanquished.

Grand Total: 352 creatures vanquished

Notes
Turn   | Place    | Note
-------+----------+-------------------------------------------
     0 | D:1      | ew1980 the Troll Fighter began the quest for the Orb.
     0 | D:1      | Reached XP level 1. HP: 22/22 MP: 0/0
   143 | D:1      | Reached XP level 2. HP: 29/29 MP: 1/1
   529 | D:1      | Reached XP level 3. HP: 36/36 MP: 2/2
   739 | D:2      | Noticed Natasha
   746 | D:2      | Killed Natasha
   747 | D:2      | Reached skill level 3 in Unarmed Combat
   791 | D:2      | Reached XP level 4. HP: 44/44 MP: 3/3
  1074 | D:2      | Noticed Natasha
  1085 | D:2      | Killed Natasha
  1086 | D:2      | Reached skill level 1 in Armour
  1380 | D:2      | Noticed Natasha
  1385 | D:2      | Killed Natasha
  1459 | D:2      | Reached XP level 5. HP: 51/52 MP: 4/4
  1462 | D:2      | Found an ancient bone altar of Kikubaaqudgha.
  1495 | D:2      | Reached skill level 4 in Unarmed Combat
  1945 | D:3      | Reached XP level 6. HP: 53/61 MP: 5/5
  1979 | D:3      | Found a glowing drain.
  1992 | Sewer    | Entered a sewer
  2035 | Sewer    | Noticed Purgy
  2053 | Sewer    | Killed Purgy
  2293 | D:3      | Found a white marble altar of Elyvilon.
  3086 | D:4      | Reached XP level 7. HP: 45/67 MP: 6/6
  3233 | D:4      | Found a basalt altar of Yredelemnul.
  3374 | D:4      | Reached skill level 5 in Unarmed Combat
  3724 | D:4      | Found an opulent altar of Gozag.
  3876 | D:5      | Entered Level 5 of the Dungeon
  3916 | D:4      | Reached XP level 8. HP: 78/78 MP: 7/7
  4004 | D:5      | Reached skill level 6 in Unarmed Combat
  4036 | D:5      | Found a broken altar of Ashenzari.
  4045 | D:5      | Got a fine garnet amulet
  4052 | D:5      | Identified the amulet "Uzaebb" {Reflect rC+ Str+2 Int+6
                  | SH+5 Stlth-} (You found it on level 5 of the Dungeon)
  4493 | D:5      | Found a snail-covered altar of Cheibriados.
  4731 | D:6      | Found Xyomu's Antique Weapon Emporium.
  5050 | D:6      | Found a staircase to the Ecumenical Temple.
  5113 | Temple   | Entered the Ecumenical Temple
  5193 | Temple   | Became a worshipper of Makhleb the Destroyer
  5298 | D:6      | Reached skill level 7 in Unarmed Combat
  5647 | D:7      | Found a burning altar of Makhleb.
  5649 | D:7      | Noticed a green death
  5736 | D:7      | Reached XP level 9. HP: 73/85 MP: 8/8
  5809 | D:7      | Reached skill level 1 in Invocations
  5859 | D:7      | Noticed Prince Ribbit
  5864 | D:7      | Killed Prince Ribbit
  6027 | D:7      | Noticed a smoke demon
  6312 | D:8      | Reached skill level 5 in Dodging
  6312 | D:8      | Reached skill level 5 in Shields
  6319 | D:8      | Found a shimmering blue altar of Sif Muna.
  6319 | D:8      | Found a hazy altar of Hepliaklqana.
  6329 | D:8      | Reached * piety under Makhleb
  6427 | D:8      | Reached skill level 5 in Fighting
  6440 | D:8      | Reached skill level 8 in Unarmed Combat
  6575 | D:8      | Noticed a troll
  6581 | D:8      | Killed a troll
  6649 | D:8      | Found a staircase to the Lair.
  6650 | D:8      | Noticed a komodo dragon
  6685 | D:8      | Killed a komodo dragon
  6865 | Lair:1   | Entered Level 1 of the Lair of Beasts
  6936 | Lair:1   | Noticed a cane toad
  6944 | Lair:1   | Killed a cane toad
  6945 | Lair:1   | Reached XP level 10. HP: 87/96 MP: 9/11
  7202 | Lair:1   | Got a buzzing morningstar
  7203 | Lair:1   | Identified the cursed +0 morningstar of Xamin {vorpal,
                  | rPois rF+ rC++} (You found it on level 1 of the Lair of
                  | Beasts)
  7768 | Lair:2   | Noticed a cane toad
  7776 | Lair:1   | Killed a cane toad
  7777 | Lair:1   | Reached skill level 9 in Unarmed Combat
  7823 | Lair:1   | Reached skill level 5 in Armour
  7891 | Lair:2   | Reached ** piety under Makhleb
  8005 | Lair:2   | Noticed a four-headed hydra
  8014 | Lair:2   | Killed a four-headed hydra
  8034 | Lair:2   | Found a frozen archway.
  8083 | IceCv    | Entered an ice cave
  8099 | IceCv    | Reached XP level 11. HP: 61/105 MP: 13/13
  8432 | Lair:2   | Reached skill level 10 in Unarmed Combat
  8488 | Lair:2   | Found a stormy altar of Qazlal.
  9150 | Lair:3   | Noticed Fannar
  9163 | Lair:3   | Killed Fannar
  9217 | Lair:3   | Reached skill level 5 in Invocations
  9280 | Lair:3   | Found a staircase to the Swamp.
  9427 | Lair:3   | Noticed an eight-headed hydra
  9440 | Lair:3   | Killed an eight-headed hydra
  9856 | Lair:4   | Reached *** piety under Makhleb
  9889 | Lair:4   | Found a hole to the Spider Nest.
  9949 | Lair:4   | Reached skill level 11 in Unarmed Combat
  9998 | Lair:4   | Reached XP level 12. HP: 114/115 MP: 15/15
 10315 | Lair:4   | Noticed a four-headed hydra
 10334 | Lair:4   | Killed a four-headed hydra
 11174 | Lair:5   | Found a staircase to the Slime Pits.
 11174 | Lair:5   | Found a viscous altar of Jiyva.
 11193 | Lair:5   | Noticed a death yak
 11196 | Lair:5   | Noticed a death yak
 11196 | Lair:5   | Noticed a death yak
 11243 | Lair:4   | Killed a death yak
 11329 | Lair:4   | Killed a death yak
 11341 | Lair:5   | Killed a death yak
 11353 | Lair:5   | Noticed an eight-headed hydra
 11365 | Lair:5   | Killed an eight-headed hydra
 11365 | Lair:5   | Reached **** piety under Makhleb
 11366 | Lair:5   | Reached skill level 12 in Unarmed Combat
 11508 | Lair:5   | Noticed Nessos
 11511 | Lair:5   | Killed Nessos
 11604 | Lair:5   | Found a stormy altar of Qazlal.
 11612 | Lair:5   | Noticed a boulder beetle
 11623 | Lair:5   | Killed a boulder beetle
 11921 | Lair:6   | Entered Level 6 of the Lair of Beasts
 11931 | Lair:6   | Noticed a death yak
 11932 | Lair:6   | Noticed a death yak
 11982 | Lair:5   | Killed a death yak
 11983 | Lair:5   | Reached XP level 13. HP: 127/127 MP: 16/16
 12334 | Lair:6   | HP: 5/127 [seven-headed hydra (4)]
 12334 | Lair:6   | HP: 2/127 [seven-headed hydra (2)]
 12335 | Lair:6   | Slain by a basilisk

Illustrated notes

Levels and vault maps discovered:
D:1:      dpeg_arrival_arbitrary_c, layout_loops_ring
D:2:      layout_basic, kennysheep_vampire_church, uniq_natasha
D:3:      layout_basic, elyvilon_altar_5, portal_sewer_entry_c
D:4:      minmay_general_purpose_star, layout_loops_ring, kennysheep_little_box,
          yredelemnul_forgotten_temple_becter, serial_bayou,
          serial_bayou_pond_d, serial_bayou_lagoon_b, serial_bayou_pond_e,
          serial_bayou_ford_a
D:5:      layout_basic, nicolae_ashenzari_panopticon, kennysheep_slug_shrine
D:6:      layout_loops_corners, temple_hall, serial_shops, shop
D:7:      layout_cave_pools, minmay_misc_feat_four_crosses,
          makhleb_altar_promises_db, uniq_prince_ribbit1
D:8:      layout_rooms, chequers_temple_overflow_statue_of_worship,
          david_lair_shrubbed, serial_glass, glass_columns_b, glass_columns_a,
          glass_columns_c, glass_columns_b, glass_columns_c, glass_columns_a
Temple:   nicolae_temple_hex_pool
Lair:1:   layout_regular_city, serial_bayou_pond_e
Lair:2:   layout_cave_pods, portal_ice_cave_demonic_guard, basic_altar
Lair:3:   layout_roguey, swamp_mist_pool, uniq_fannar
Lair:4:   layout_regular_city, spider_nest_entry_a
Lair:5:   layout_concentric_octagons, slime_altar_1, basic_altar,
          serial_bayou_pond_d, minmay_stone_trees_medium, uniq_nessos
Lair:6:   evilmike_catoblepas_cave, layout_loops_ring, dpeg_oklob_1

Skill      XL: |  1  2  3  4  5  6  7  8  9 10 11 12 13 |
---------------+----------------------------------------+-----
Unarmed Combat | 3 4 5 7 8 9 11 12 | 12.5
Armour         | 1 2 3 4 5 6 7 |  7.4
Fighting       | 3 4 5 6 7 |  7.8
Dodging        | 3 4 5 6 7 8 |  8.0
Shields        | 3 4 5 6 7 |  7.9
Invocations    | 2 4 5 6 |  6.9

Action                   |  1- 3 |  4- 6 |  7- 9 | 10-12 | 13-15 || total
-------------------------+-------+-------+-------+-------+-------++-------
Melee: Unarmed           |    55 |   185 |   383 |   497 |   102 ||  1222
       Morningstar       |       |       |       |    24 |     3 ||    27
Throw: Boomerang         |       |       |     2 |     1 |       ||     3
       Dart              |       |       |       |     3 |       ||     3
       Javelin           |       |       |       |     3 |       ||     3
Evoke: Wand              |       |       |       |     2 |     1 ||     3
  Use: Scroll            |       |    14 |     8 |     7 |     1 ||    30
       Potion            |       |     1 |       |     2 |       ||     3
 Stab: Sleeping          |     1 |       |       |       |       ||     1
Armor: Robe              |    12 |    74 |       |       |       ||    86
       Troll leather arm |       |    17 |    50 |    85 |    27 ||   179
Dodge: Dodged            |    15 |    79 |   127 |   271 |    54 ||   546
Block: Kite shield       |    19 |   108 |   259 |   511 |    74 ||   971
       Reflection        |       |       |     5 |     3 |       ||     8
